 Dungeon Crawl Stone Soup version 0.29.1-12-g30fa7ad0bf (webtiles) character file.

Game seed: 5301963123169910968

315582 concernfroge the Spear-Bearer (level 20, 0/159 HPs)
             Began as a Mummy Monk on Dec 18, 2022.
             Was an Initiate of Gozag.
             Slain by a frost giant
             ... wielding a +3 morningstar of protection
              (43 damage)
             ... on level 5 of the Vaults.
             The game lasted 04:42:49 (48032 turns).

concernfroge the Spear-Bearer (Mummy Monk)         Turns: 48032, Time: 04:42:51

Health: 0/159      AC: 34    Str: 26    XL:     20   Next: 51%
Magic:  20/20      EV:  9    Int: 16    God:    Gozag
Gold:   2740       SH: 20    Dex: 23    Spells: 19/19 levels left

rFire   + + .      SeeInvis +   b - +3 war axe of Honour {freeze, rElec rF+++ rC- Str+5}
rCold   + + .      Faith    .   Q - +0 tower shield {rPois}
rNeg    + + +      Spirit   .   U - +5 plate armour "Juavy" {rC+ rN+ Regen+ Dex+2}
rPois   ∞          Reflect  .   u - +2 helmet {Int+3}
rElec   +          Harm     .   e - +2 cloak {rCorr}
rCorr   +          Rampage  +   X - +2 pair of gloves {hurl}
Will    +++..                   Y - +2 pair of boots {rampage}
Stlth   ..........              q - amulet "Zoklurut" {rC+ Will+ Regen+ Dex+4}
HPRegen 1.96/turn               B - +4 ring of slaying
MPRegen 0.17/turn               r - ring of Asase {rCorr Int+4 SInv}

@: about to teleport, constricted
A: cold resistance 1, negative energy resistance 3, torment resistance 2, heat
vulnerability 1, in touch with death 2, no potions
}: 2/15 runes: barnacled, gossamer
a: Renounce Religion, Potion Petition, Call Merchant, Bribe Branch


You were on level 5 of the Vaults.
You worshipped Gozag.
Gozag was most pleased with you.
You visited 8 branches of the dungeon, and saw 39 of its levels.
You also visited: Trove and Bailey.

You collected 19490 gold pieces.
You spent 4750 gold pieces at shops.
You paid 12000 gold pieces to Gozag.

Inventory:

Hand Weapons
 a - a +9 trident of protection
 b - the +3 war axe of Honour (weapon) {freeze, rElec rF+++ rC- Str+5}
   (You found it on level 11 of the Dungeon)

   It freezes those it strikes, dealing additional cold damage.
   It can also slow down cold-blooded creatures.
   Str:       It affects your strength (+5).
   rF:        It renders you almost immune to fire.
   rC:        It makes you vulnerable to cold.
   rElec:     It insulates you from electricity.
Missiles
 g - 18 boomerangs (quivered)
 i - a throwing net
 o - a boomerang of dispersal
 p - 113 stones
 y - 42 poisoned darts
 z - 4 atropa-tipped darts
 E - 3 silver javelins
 K - 4 silver boomerangs
 R - 2 javelins
Armour
 e - a +2 cloak of preservation (worn)
 n - a +2 pair of gloves
 u - a +2 helmet of intelligence (worn)
 C - a +4 plate armour of fire resistance
 Q - a +0 tower shield of poison resistance (worn)
 U - the +5 plate armour "Juavy" (worn) {rC+ rN+ Regen+ Dex+2}
   (You found it on level 2 of the Elven Halls)

   Dex:       It affects your dexterity (+2).
   rC:        It protects you from cold.
   rN:        It protects you from negative energy.
   Regen:     It increases your rate of health regeneration.
 X - a +2 pair of gloves of hurling (worn)
 Y - a +2 pair of boots of rampaging (worn)
Jewellery
 f - an amulet of reflection
 q - the amulet "Zoklurut" (around neck) {rC+ Will+ Regen+ Dex+4}
   (You acquired it on level 8 of the Dungeon)

   [amulet of regeneration]

   Dex:       It affects your dexterity (+4).
   rC:        It protects you from cold.
   Regen:     It increases your rate of health regeneration.
   Will:      It increases your willpower.
 r - the ring of Asase (right hand) {rCorr Int+4 SInv}
   (You found it in a bailey)

   [ring of resist corrosion]

   Int:       It affects your intelligence (+4).
   SInv:      It lets you see invisible.
   rCorr:     It protects you from acid and corrosion.
 w - a +4 ring of slaying
 A - the ring "Woariam" {rElec rPois rC+ Str+4}
   (You found it in a treasure trove)

   [ring of protection from cold]

   Str:       It affects your strength (+4).
   rC:        It protects you from cold.
   rElec:     It insulates you from electricity.
   rPois:     It protects you from poison.
 B - a +4 ring of slaying (left hand)
 G - the ring of the Ancients {Will+ rCorr}
   (You found it in a treasure trove)

   [ring of resist corrosion]

   rCorr:     It protects you from acid and corrosion.
   Will:      It increases your willpower.
 W - the ring "Piruwk Qich" {Wiz Fly rPois rF+}
   (You found it in a treasure trove)

   [ring of wizardry]

   It improves your spell success rate.
   rF:        It protects you from fire.
   rPois:     It protects you from poison.
   Fly:       It grants you flight.
 Z - the amulet "Heirho" {Regen+ rCorr}
   (You found it in a treasure trove)

   [amulet of regeneration]

   Regen:     It increases your rate of health regeneration.
   rCorr:     It protects you from acid and corrosion.
Wands
 j - a wand of polymorph (4)
 l - a wand of acid (20)
 D - a wand of charming (11)
 I - a wand of flame (60)
 L - a wand of digging (14)
 O - a wand of iceblast (6)
Scrolls
 c - 7 scrolls of teleportation
 d - 4 scrolls of noise
 h - 4 scrolls of poison
 k - 3 scrolls of fog
 m - 4 scrolls of fear
 t - 4 scrolls of silence
 v - 2 scrolls of blinking
 F - 2 scrolls of immolation
 J - a scroll of torment
 N - 7 scrolls of amnesia
 S - a scroll of brand weapon
 T - 2 scrolls of enchant weapon
Miscellaneous
 s - a box of beasts (inert)
 H - a phial of floods
 M - a lightning rod (4/4)
 V - a condenser vane


   Skills:
 - Level 14.0 Fighting
 - Level 13.5(16.0) Axes
 - Level 14.0(16.2) Polearms
 - Level 10.0 Throwing
 + Level 12.0 Armour
 - Level 10.0 Dodging
 - Level 1.5 Stealth
 + Level 12.0 Shields
 - Level 14.0 Evocations


You had 19 spell levels left.
You didn't know any spells.
Your spell library contained the following spells:

 Spells                   Type           Power      Damage    Failure   Level
 Foxfire                  Conj/Fire      0%         2x1d4     100%        1
 Freeze                   Ice            0%         1d3       100%        1
 Sandblast                Erth           0%         2d4       100%        1
 Shock                    Conj/Air       0%         1d3       100%        1
 Slow                     Hex            0%         N/A       100%        1
 Ensorcelled Hibernation  Hex/Ice        0%         N/A       100%        2
 Passwall                 Tmut/Erth      0%         N/A       100%        2
 Poisonous Vapours        Pois/Air       0%         N/A       100%        2
 Static Discharge         Conj/Air       0%         3-3/arc   100%        2
 Confusing Touch          Hex            0%         N/A       100%        3
 Dazzling Flash           Conj/Hex       0%         N/A       100%        3
 Frozen Ramparts          Ice            0%         1d1       100%        3
 Gell's Gravitas          Tloc           0%         N/A       100%        3
 Ozocubu's Armour         Ice            0%         N/A       100%        3
 Portal Projectile        Hex/Tloc       0%         N/A       100%        3
 Stone Arrow              Conj/Erth      0%         3d7       100%        3
 Teleport Other           Tloc           0%         N/A       100%        3
 Tukima's Dance           Hex            0%         N/A       100%        3
 Vampiric Draining        Necr           0%         2d6       100%        3
 Anguish                  Hex/Necr       0%         N/A       100%        4
 Dispel Undead            Necr           0%         3d6       100%        4
 Flame Wave               Conj/Fire      0%         2d4       100%        4
 Fulminant Prism          Conj/Hex       0%         3d6       100%        4
 Hailstorm                Conj/Ice       0%         3d3       100%        4
 Iskenderun's Mystic Bla  Conj/Tloc      0%         2d3       100%        4
 Leda's Liquefaction      Hex/Erth       0%         N/A       100%        4
 Olgreb's Toxic Radiance  Pois           0%         N/A       100%        4
 Passage of Golubria      Tloc           0%         N/A       100%        4
 Sticky Flame             Conj/Fire      0%         2d3       100%        4
 Summon Ice Beast         Ice/Summ       0%         N/A       100%        4
 Summon Lightning Spire   Summ/Air       0%         N/A       100%        4
 Alistair's Intoxication  Tmut/Pois      0%         N/A       100%        5
 Borgnjor's Vile Clutch   Necr/Erth      0%         N/A       100%        5
 Fireball                 Conj/Fire      0%         3d3       100%        5
 Iskenderun's Battlesphe  Conj           0%         2d6       100%        5
 Lee's Rapid Deconstruct  Erth           0%         3d5*      100%        5
 Metabolic Englaciation   Hex/Ice        0%         N/A       100%        5
 Summon Forest            Summ/Tloc      0%         N/A       100%        5
 Yara's Violent Unravell  Hex/Tmut       0%         3d3       100%        5
 Conjure Ball Lightning   Conj/Air       0%         3x3d6     100%        6
 Death Channel            Necr           0%         N/A       100%        6
 Dispersal                Tloc           0%         N/A       100%        6
 Eringya's Noxious Bog    Tmut/Pois      0%         N/A       100%        6
 Iron Shot                Conj/Erth      0%         9d1       100%        6
 Starburst                Conj/Fire      0%         6d3       100%        6
 Orb of Destruction       Conj           0%         9d5       100%        7
 Ozocubu's Refrigeration  Ice            0%         4d7       100%        7
 Summon Hydra             Summ           0%         N/A       100%        7
 Ignition                 Fire           0%         3d3       100%        8
 Lehudib's Crystal Spear  Conj/Erth      0%         10d2      100%        8
 Chain Lightning          Conj/Air       0%         N/A       100%        9
 Spider Form              Tmut/Pois      Unusable   N/A       N/A         3
 Animate Dead             Necr           Unusable   N/A       N/A         4
 Corpse Rot               Necr/Pois/Air  Unusable   N/A       N/A         4
 Ice Form                 Ice/Tmut       Unusable   N/A       N/A         4
 Blade Hands              Tmut           Unusable   N/A       N/A         5
 Simulacrum               Ice/Necr       Unusable   N/A       N/A         6

Dungeon Overview and Level Annotations

Branches:
Dungeon (15/15)            Temple (1/1) D:4            Lair (5/5) D:11
 Shoals (4/4) Lair:2       Spider (4/4) Lair:3        Slime (0/5) Lair:5
    Orc (2/2) D:12            Elf (3/3) Orc:2        Vaults (5/5) D:14
  Crypt (0/3) Vaults:3     Depths (0/4) D:15         Bailey (visited)

Altars:
Ashenzari
Cheibriados
Dithmenos
Fedhas
Gozag
Hepliaklqana
Kikubaaqudgha
Makhleb
Nemelex Xobeh
Okawaru
Qazlal
Ru
Sif Muna
Trog
Uskayaw
Vehumet
Wu Jian
Xom
Yredelemnul
Jiyva

Shops:
D:1 !   D:6 (   Orc:2 *[:[   Elf:1 =   Elf:2 (   Elf:3 (   Vaults:1 *!

Annotations:
D:10 2 transporters, exclusion: 2 downstairs
D:11 exclusion: hydra
Shoals:3 Bai Suzhen


Innate Abilities, Weirdness & Mutations

You are immune to poison.
Your flesh is cold resistant. (rC+)
You are immune to negative energy. (rN+++)
You are immune to unholy pain and torment.
You are vulnerable to heat. (rF-)
You are strongly in touch with the powers of death.
You do not drink.


Message History

You hit the tentacled monstrosity. You freeze the tentacled monstrosity.
The tentacled monstrosity is heavily wounded.
You hit the frost giant but do no damage.
The frost giant blocks your mature oxbat beast's attack. x2
The frost giant points at you and mumbles some strange words.
The bolt of cold hits you! You resist.
You slice the tentacled monstrosity!! You freeze the tentacled monstrosity.
The tentacled monstrosity is severely wounded.
You slash the frost giant!
The frost giant blocks your mature oxbat beast's attack.
Your mature oxbat beast tramples the frost giant.
The frost giant holds its ground!
The tentacled monstrosity tentacle-slaps you!
The tentacled monstrosity tentacle-slaps you but does no damage. x2
The tentacled monstrosity constricts you!
You block the frost giant's attack.
As you read the scroll of teleportation, it crumbles to dust.
You feel strangely unstable.
The tentacled monstrosity tentacle-slaps you!
You block the tentacled monstrosity's attack.
The tentacled monstrosity tentacle-slaps you but does no damage.
The tentacled monstrosity constricts you.
Your mature oxbat beast hits the frost giant.
The frost giant blocks your mature oxbat beast's attack.
You block the frost giant's attack.
You slash the tentacled monstrosity! You freeze the tentacled monstrosity.
The tentacled monstrosity is severely wounded.
You slash the frost giant! You freeze the frost giant.
The frost giant blocks your mature oxbat beast's attack. x2
The tentacled monstrosity tentacle-slaps you!
* * * LOW HITPOINT WARNING * * *
The tentacled monstrosity tentacle-slaps you but does no damage. x2
The tentacled monstrosity constricts you.
* * * LOW HITPOINT WARNING * * *
The frost giant blocks your mature oxbat beast's attack.
Your mature oxbat beast tramples the frost giant.
The frost giant holds its ground!
The frost giant goes berserk!
The frost giant hits you with a +3 morningstar of protection!!!
You die...
Your body crumbles into a pile of gold.

##########
#.........
#.......
#....############
#.@X....#...#...#.
#.C#.#.#.#.#.#.#(#
#.H#..#...#...#!.
#..#.#.#.#.#.#.#$
#..##...#...#..
#..#.#.#.#=#.#.#
#..#..#$$.#...#
#..#.#.#.#.#.#
#..##...#...#.


You could see a tentacled monstrosity, a frost giant (berserk, ally target) and
a friendly mature oxbat beast (summoned).

Vanquished Creatures
  2 ancient liches (Vaults:5)
  Nikola (Vaults:1)
  Arachne (Spider:3)
  2 quicksilver dragons
  A titan (Vaults:5)
  Gastronok (D:10)
  A kraken (Shoals:1)
  Kirke (Spider:1)
  2 sphinxes
  A shadow dragon (Vaults:5)
  A tengu reaver (Vaults:3)
  7 vault wardens
  A fire giant (Vaults:5)
  Aizul (Spider:3)
  8 emperor scorpions
  5 ghost moths
  2 orc warlords
  8 ironbound preservers
  A deep elf elementalist (Elf:3)
  2 stone giants
  3 very ugly things
  A broodmother (Spider:1)
  2 ironbound thunderhulks
  An eleionoma (Shoals:2)
  A deep elf demonologist (Elf:1)
  3 spark wasps
  5 entropy weavers
  A dire elephant (Vaults:4)
  An ettin (Vaults:5)
  2 crystal guardians (Vaults:3)
  6 yaktaur captains
  Fannar (Orc:1)
  2 merfolk impalers (Shoals:3)
  4 great orbs of eyes
  6 boulder beetles
  2 peacekeepers (Vaults:3)
  6 radroaches
  7 hydras
  10 vault guards
  4 ironbound frosthearts
  A catoblepas (Lair:2)
  3 satyrs (Shoals:3)
  2 jorogumos
  A merfolk avatar (Shoals:4)
  7 centaur warriors
  13 dancing weapons
  5 death yaks (Lair:5)
  2 tengu warriors
  3 two-headed ogres
  4 orc high priests
  A hell knight (Vaults:2)
  5 deep elf knights
  6 pharaoh ants
  2 sun moths (Spider:4)
  19 skeletal warriors
  10 orb spiders
  5 steelbarb worms
  12 deep trolls
  3 sea snakes
  3 lindwurms (Vaults:2)
  6 wizards
  A steelbarb worm (shapeshifter) (D:15)
  5 orc knights
  2 deep elf archers
  9 ironbound convokers
  10 deep elf zephyrmancers
  4 orc sorcerers (Orc:2)
  A manticore (shapeshifter) (Vaults:1)
  14 deep elf pyromancers
  5 harpies
  A necromancer (Vaults:1)
  A stone giant zombie (Vaults:1)
  3 cyclopes
  A wolf spider (shapeshifter) (Vaults:3)
  10 manticores
  19 wolf spiders
  6 fauns
  7 moths of wrath
  32 ugly things
  3 elephants (Lair:5)
  2 water nymphs (Shoals:2)
  2 merfolk sirens (Shoals:3)
  2 black mambas
  A guardian serpent (shapeshifter) (Elf:1)
  14 cane toads
  6 vault sentinels
  A gargoyle (D:12)
  A torpor snail (Spider:2)
  2 ice devils (Lair:4)
  3 demonic crawlers (Spider:2)
  3 freezing wraiths
  An efreet (D:15)
  3 rime drakes
  10 komodo dragons
  15 yaktaurs
  A tengu conjurer (D:13)
  A kobold demonologist (D:10)
  A polar bear (shapeshifter) (D:14)
  11 meliai
  2 polar bears
  A queen bee (Lair:1)
  A troll (D:11)
  13 merfolk
  2 tyrant leeches (Lair:5)
  25 tarantellas
  3 wind drakes
  25 blink frogs
  23 slime creatures
  7 dream sheep
  4 snapping turtles
  23 jumping spiders
  31 yaks
  29 culicivoras
  An air elemental (Elf:2)
  A culicivora (shapeshifter) (Elf:1)
  5 water elementals
  21 humans (D:14)
  2 wraiths
  A spriggan (D:10)
  2 shadows
  12 wyverns
  3 hogs (Spider:1)
  12 basilisks
  A fire elemental (Elf:2)
  11 vampire mosquitoes
  A golden eye (shapeshifter) (D:15)
  60 redbacks
  A steam dragon (Lair:4)
  2 wargs (Orc:2)
  10 water moccasins
  2 acid dragons (D:12)
  4 hell hounds
  29 orc warriors
  9 ogres
  2 ice beasts
  32 wolves
  A black bear (D:6)
  3 centaurs
  2 human skeletons (Vaults:1)
  4 kobold brigands
  16 bullfrogs
  A scorpion (D:5)
  2 earth elementals (Elf:1)
  9 gnoll sergeants
  8 wights
  14 killer bees (Lair:1)
  7 howler monkeys
  15 electric eels
  2 lava snakes (Lair:3)
  8 gnoll boudas
  6 hounds
  19 orc priests
  28 orc wizards
  4 hell rats
  3 adders
  28 gnolls
  A shadow imp (D:6)
  2 ufetubi
  A worm (D:6)
  2 dart slugs (D:1)
  110 orcs
  13 endoplasms
  3 giant cockroaches
  8 hobgoblins
  5 jackals
  11 kobolds
  2 quokkas (D:2)
  8 ball pythons
  9 bats
  4 frilled lizards
  10 goblins
  9 rats
  A tentacle (Shoals:1)
1236 creatures vanquished.

Vanquished Creatures (collateral kills)
  A titan (Vaults:5)
  A deep elf master archer (Elf:3)
  A deep elf blademaster (Elf:3)
  3 storm dragons (Vaults:5)
  3 shadow dragons (Vaults:5)
  3 tengu reavers
  An iron dragon (Vaults:5)
  A deep elf sorcerer (Elf:3)
  A vault warden (Vaults:2)
  4 deep elf elementalists (Elf:3)
  3 ironbound preservers
  2 ironbound thunderhulks
  A very ugly thing (Vaults:2)
  2 stone giants (Vaults:5)
  3 deep elf demonologists (Elf:3)
  2 deep elf annihilators (Elf:3)
  Azrael (Spider:2)
  7 dire elephants
  An ettin (Vaults:5)
  2 merfolk impalers (Shoals:4)
  3 merfolk javelineers
  4 deep elf death magi
  2 yaktaur captains
  12 vault guards (Vaults:5)
  A peacekeeper (Vaults:2)
  4 deep elf high priests
  A merfolk avatar (Shoals:1)
  An ironbound frostheart (Vaults:5)
  A centaur warrior (Vaults:1)
  7 dancing weapons
  An alligator snapping turtle (Shoals:1)
  An orc high priest (Elf:3)
  A deep troll (Vaults:4)
  6 sea snakes
  2 ironbound convokers
  12 harpies
  A wizard (Vaults:2)
  2 phantasmal warriors (Vaults:5)
  An ugly thing (Vaults:5)
  2 deep elf archers
  4 deep elf zephyrmancers
  6 fauns
  A wolf spider (shapeshifter) (Vaults:5)
  6 deep elf pyromancers (Elf:2)
  2 orc knights (Vaults:1)
  4 manticores
  3 merfolk sirens
  2 cyclopes
  A water nymph (Shoals:4)
  3 vault sentinels
  A yaktaur (Vaults:1)
  A meliai (Spider:1)
  6 merfolk
  4 wind drakes
  2 trolls
  3 slime creatures
  4 snapping turtles
  5 water elementals
  2 yaks (D:9)
  A redback (Spider:2)
  2 hell hounds (Spider:2)
  An ice beast (D:7)
  An orc warrior (Elf:3)
  An orc priest (D:7)
  2 gnolls (D:9)
  3 orcs
  A tentacle (Shoals:1)
180 creatures vanquished.

Vanquished Creatures (others)
  A dread lich (Vaults:5)
  Frederick (Vaults:3)
  A tentacled monstrosity (Vaults:5)
  3 sphinxes
  2 tengu reavers (Vaults:5)
  2 shadow dragons (Vaults:5)
  2 deep elf sorcerers (Elf:3)
  A frost giant (Vaults:5)
  7 vault wardens
  A deep elf elementalist (Elf:3)
  A war gargoyle (Vaults:3)
  5 ironbound preservers
  A stone giant (Vaults:3)
  An eleionoma (Shoals:2)
  2 deep elf demonologists
  A very ugly thing (Vaults:5)
  A deep elf annihilator (Elf:3)
  A deep elf death mage (Elf:3)
  2 deep elf high priests
  3 ettins (Vaults:5)
  2 yaktaur captains (Vaults:5)
  4 ironbound frosthearts
  16 vault guards
  3 merfolk avatars
  An alligator snapping turtle (Shoals:4)
  2 centaur warriors
  A merfolk aquamancer (Shoals:4)
  2 dancing weapons (Elf:2)
  A satyr (Shoals:2)
  A deep elf knight (Elf:1)
  A sea snake (Shoals:4)
  4 deep trolls (Vaults:5)
  A phantasmal warrior (Vaults:3)
  2 deep elf archers (Elf:3)
  4 ironbound convokers
  A wizard (Vaults:1)
  3 orc knights
  5 deep elf pyromancers (Elf:2)
  5 harpies
  A wolf spider (Spider:2)
  8 deep elf zephyrmancers
  5 fauns
  5 vault sentinels
  A water nymph (Shoals:4)
  A torpor snail (shapeshifter) (Vaults:5)
  8 yaktaurs
  2 freezing wraiths (Vaults:5)
  2 merfolk
  3 meliai
  A tarantella (Spider:2)
  A dream sheep (shapeshifter) (Vaults:5)
  2 dream sheep (Shoals:1)
  A slime creature (Vaults:1)
  A yak (D:9)
  A redback (Vaults:3)
  A floating eye (shapeshifter) (Vaults:5)
  An orc warrior (Elf:3)
  A centaur (Shoals:2)
  A bullfrog (D:7)
  A gnoll sergeant (D:10)
  2 orcs (D:7)
  37 fungi
  171 plants
  27 tentacles (Shoals:1)
383 creatures vanquished.

Grand Total: 1799 creatures vanquished

Notes
Turn   | Place    | Note
-------+----------+-------------------------------------------
     0 | D:1      | concernfroge the Mummy Monk began the quest for the Orb.
     0 | D:1      | Reached XP level 1. HP: 18/18 MP: 1/1
   359 | D:1      | Reached XP level 2. HP: 22/24 MP: 2/2
   415 | D:1      | Reached skill level 1 in Throwing
   733 | D:1      | Found Boilupler's Distillery.
  1545 | D:2      | Gained mutation: You are in touch with the powers of death.
                  | [Mummy growth]
  1545 | D:2      | Reached XP level 3. HP: 29/30 MP: 3/3
  2685 | D:3      | Reached XP level 4. HP: 35/38 MP: 4/4
  2715 | D:3      | Found an iron altar of Okawaru.
  3115 | D:3      | Found an opulent altar of Gozag.
  3123 | D:3      | Became a worshipper of Gozag Ym Sagoz the Greedy
  3243 | D:3      | Reached skill level 5 in Fighting
  3484 | D:4      | Found a staircase to the Ecumenical Temple.
  3499 | Temple   | Entered the Ecumenical Temple
  3737 | D:4      | Identified the +1 ring mail of Proximity {rPois rN+}
  4080 | D:4      | Reached XP level 5. HP: 30/46 MP: 5/5
  4282 | D:5      | Entered Level 5 of the Dungeon
  4805 | D:5      | Reached XP level 6. HP: 35/53 MP: 6/6
  5349 | D:5      | Noticed a water moccasin
  5357 | D:5      | Killed a water moccasin
  5411 | D:5      | Reached XP level 7. HP: 58/61 MP: 7/7
  6052 | D:6      | Found a hazy altar of Hepliaklqana.
  6053 | D:6      | Found a shimmering altar of Xom.
  6054 | D:6      | Noticed a spectral ugly thing
  6177 | D:6      | Found Dong's Magic Scroll Emporium.
  6178 | D:6      | Found Orys's Weapon Emporium.
  6204 | D:6      | Bought a +4 trident of protection for 262 gold pieces
  6432 | D:6      | Found a snail-covered altar of Cheibriados.
  6575 | D:6      | Bought a scroll of enchant armour for 112 gold pieces
  6575 | D:6      | Bought a scroll of enchant armour for 112 gold pieces
  6578 | D:6      | Bought a scroll of enchant weapon for 112 gold pieces
  7703 | D:7      | Reached XP level 8. HP: 72/72 MP: 8/8
  7737 | D:7      | Reached skill level 10 in Fighting
  8867 | D:8      | Reached skill level 5 in Polearms
  8887 | D:8      | Noticed a two-headed ogre
  8889 | D:8      | Identified a scroll of acquirement
  8889 | D:8      | Acquired the amulet "Zoklurut" {rC+ Will+ Regen+ Dex+4}
  9246 | D:8      | Reached XP level 9. HP: 66/78 MP: 9/9
  9788 | D:9      | Noticed a troll
  9968 | D:9      | Noticed a two-headed ogre
  9988 | D:9      | Killed a two-headed ogre
 10092 | D:9      | Killed a troll
 10268 | D:9      | Reached XP level 10. HP: 85/85 MP: 10/10
 10296 | D:9      | Reached skill level 10 in Polearms
 10310 | D:9      | Noticed a two-headed ogre
 10311 | D:9      | a two-headed ogre changed into a merfolk
 10366 | D:9      | You fall into a shaft and drop 2 floors!
 10376 | D:10     | Entered Level 10 of the Dungeon
 10424 | D:10     | Noticed a soul eater
 10883 | D:10     | Noticed Sonja
 10883 | D:10     | Found a transporter.
 10972 | D:10     | Found a flagged portal.
 10991 | Bailey   | Entered a bailey
 11297 | Bailey   | Identified the ring of Asase {rCorr Int+4 SInv}
 11850 | D:10     | Noticed a manticore
 11861 | D:10     | Killed a manticore
 11894 | D:10     | Noticed Sonja
 11894 | D:10     | Sonja changed into Sonja the spriggan
 11899 | D:10     | Killed Sonja the spriggan
 11900 | D:10     | Reached XP level 11. HP: 90/90 MP: 11/11
 11990 | D:10     | Found a transporter.
 12060 | D:10     | Noticed a deep elf knight
 12106 | D:10     | Noticed Gastronok
 12137 | D:10     | Killed Gastronok
 12537 | D:11     | Noticed a two-headed ogre
 12539 | D:11     | Noticed a seven-headed hydra
 12562 | D:11     | Killed a two-headed ogre
 12811 | D:11     | Noticed a two-headed ogre
 12842 | D:11     | Killed a two-headed ogre
 12917 | D:11     | Found a staircase to the Lair.
 13124 | D:11     | Identified the +3 war axe of Honour {freeze, rElec rF+++
                  | rC- Str+5}
 13218 | D:11     | Noticed a skeletal warrior
 13219 | D:11     | Noticed a skeletal warrior
 13219 | D:11     | Noticed a skeletal warrior
 13247 | D:10     | Killed a skeletal warrior
 13418 | D:11     | Noticed a skeletal warrior
 13462 | D:11     | Killed a skeletal warrior
 13553 | D:11     | Noticed a skeletal warrior
 13591 | D:10     | Killed a skeletal warrior
 13673 | D:11     | Killed a skeletal warrior
 13674 | D:11     | Reached skill level 1 in Armour
 13674 | D:11     | Reached skill level 1 in Shields
 13674 | D:11     | Reached skill level 1 in Evocations
 13708 | D:11     | Killed a skeletal warrior
 13905 | Lair:1   | Entered Level 1 of the Lair of Beasts
 13920 | D:11     | Reached XP level 12. HP: 73/97 MP: 12/12
 14272 | Lair:1   | Noticed an eight-headed hydra
 14279 | Lair:1   | Killed an eight-headed hydra
 15839 | Lair:2   | Noticed a catoblepas
 15852 | Lair:2   | Killed a catoblepas
 15873 | Lair:2   | Found a staircase to the Shoals.
 16776 | Lair:3   | Noticed a four-headed hydra
 16791 | Lair:3   | Killed a four-headed hydra
 16864 | Lair:3   | Found a hole to the Spider Nest.
 17337 | Lair:3   | Reached skill level 5 in Dodging
 18429 | Lair:3   | Gained mutation: You are strongly in touch with the powers
                  | of death. [Mummy growth]
 18429 | Lair:3   | Reached XP level 13. HP: 102/103 MP: 13/13
 19384 | Lair:5   | Entered Level 5 of the Lair of Beasts
 19495 | Lair:4   | Reached skill level 5 in Throwing
 19497 | Lair:4   | Reached skill level 5 in Shields
 19497 | Lair:4   | Reached skill level 5 in Evocations
 19498 | Lair:4   | Reached skill level 5 in Armour
 19843 | Lair:5   | Found a staircase to the Slime Pits.
 19844 | Lair:5   | Found a viscous altar of Jiyva.
 20882 | Lair:5   | Reached XP level 14. HP: 98/110 MP: 14/14
 21803 | D:6      | Bought a scroll of acquirement for 780 gold pieces
 21803 | D:6      | Bought a scroll of acquirement for 780 gold pieces
 21803 | D:6      | Acquired a manual of Evocations
 21805 | D:6      | Acquired 1257 gold pieces
 21807 | D:6      | Bought a scroll of noise for 15 gold pieces
 21807 | D:6      | Bought a scroll of teleportation for 45 gold pieces
 21807 | D:6      | Bought a scroll of teleportation for 45 gold pieces
 21807 | D:6      | Bought a scroll of teleportation for 45 gold pieces
 21811 | D:6      | Bought 5 stones for 5 gold pieces
 21811 | D:6      | Bought 6 stones for 6 gold pieces
 21811 | D:6      | Bought 7 stones for 7 gold pieces
 22088 | D:12     | Found a staircase to the Orcish Mines.
 22868 | Orc:1    | Entered Level 1 of the Orcish Mines
 23146 | Orc:1    | Noticed Fannar
 23180 | Orc:1    | Killed Fannar
 23558 | Orc:2    | Entered Level 2 of the Orcish Mines
 23772 | Orc:2    | Noticed an orc warlord
 23789 | Orc:2    | Killed an orc warlord
 24046 | Orc:2    | Found a staircase to the Elven Halls.
 24640 | Orc:2    | Found Avuof's Antique Armour Shop.
 24640 | Orc:2    | Found Suwky's General Store.
 24647 | Orc:2    | Found Mukhlu's Antique Armour Emporium.
 24647 | Orc:2    | Found Reizxonu's Book Shop.
 24658 | Orc:2    | Bought a scroll of enchant weapon for 97 gold pieces
 24658 | Orc:2    | Bought a wand of charming (5) for 156 gold pieces
 24658 | Orc:2    | Bought 3 stones for 3 gold pieces
 24664 | Orc:2    | Bought a heavily runed plate armour for 840 gold pieces
 24664 | Orc:2    | Identified the +1 plate armour "Bufaiguo" {Dex+8} (You
                  | bought it in a shop on level 2 of the Orcish Mines)
 24667 | Orc:2    | Bought a scorched plate armour for 868 gold pieces
 24667 | Orc:2    | Identified the +4 plate armour "Niman" {-Cast Rampage
                  | Str+4} (You bought it in a shop on level 2 of the Orcish
                  | Mines)
 24673 | Orc:2    | Bought a glowing cloak for 232 gold pieces
 25583 | D:13     | Found a hazy altar of Hepliaklqana.
 25888 | D:14     | Reached XP level 15. HP: 65/115 MP: 15/15
 26465 | D:14     | Identified the +1 halberd "Leutiull" {freeze, Will+}
 26973 | D:14     | Found a gate to the Vaults.
 27127 | D:15     | Entered Level 15 of the Dungeon
 27420 | D:15     | Found an ornate altar of the Wu Jian Council.
 28196 | D:15     | Found a staircase to the Depths.
 28311 | D:15     | Reached skill level 10 in Evocations
 28707 | Shoals:1 | Entered Level 1 of the Shoals
 28863 | Shoals:1 | Noticed a kraken
 28869 | Shoals:1 | Noticed a kraken
 28913 | Shoals:1 | Killed a kraken
 29296 | Shoals:1 | Reached XP level 16. HP: 122/122 MP: 16/16
 30060 | Shoals:2 | Got the Essays on Breath and Geology
 31428 | Shoals:3 | Noticed Bai Suzhen
 31626 | Shoals:4 | Entered Level 4 of the Shoals
 32189 | Shoals:4 | Identified the amulet of Loepupic {Faith rElec Int-4
                  | Stlth+}
 32297 | Shoals:4 | Got a barnacled rune of Zot
 32799 | Spider:1 | Entered Level 1 of the Spider Nest
 32874 | Spider:1 | Identified the +0 pair of boots of Bad Feelings {Harm
                  | +Blink rN++ Str-4}
 33058 | Spider:1 | Noticed Kirke
 33086 | Spider:1 | Killed Kirke
 33299 | Spider:1 | Reached skill level 10 in Throwing
 33516 | Spider:1 | Reached skill level 10 in Armour
 33516 | Spider:1 | Reached skill level 10 in Shields
 33518 | Spider:1 | Reached skill level 10 in Dodging
 33743 | Spider:1 | Reached skill level 1 in Axes
 33743 | Spider:1 | Reached XP level 17. HP: 83/128 MP: 17/17
 34667 | Spider:2 | Noticed Azrael
 34678 | Spider:2 | Killed Azrael
 34703 | Spider:2 | Reached skill level 5 in Axes
 35555 | Spider:3 | Noticed Arachne
 35588 | Spider:3 | Killed Arachne
 35747 | Spider:3 | Noticed Aizul
 35774 | Spider:3 | Killed Aizul
 36604 | Spider:4 | Entered Level 4 of the Spider Nest
 37843 | Spider:4 | Reached skill level 10 in Axes
 38418 | Spider:4 | Reached XP level 18. HP: 131/134 MP: 0/18
 39022 | Spider:4 | Got a gossamer rune of Zot
 39584 | Elf:1    | Entered Level 1 of the Elven Halls
 40311 | Elf:1    | Found Dudaytan's Jewellery Shop.
 40698 | Elf:2    | Paralysed by an air elemental for 1 turns
 40722 | Elf:2    | Identified the +5 plate armour "Juavy" {rC+ rN+ Regen+
                  | Dex+2}
 40752 | Elf:2    | Found Zuschum's Antique Weapon Shoppe.
 40935 | Elf:2    | Found a runed translucent gate.
 40936 | Elf:2    | Found a runed translucent gate.
 40936 | Elf:2    | Found a runed translucent gate.
 41523 | Elf:3    | Entered Level 3 of the Elven Halls
 41531 | Elf:3    | Found Nashieqi's Weapon Boutique.
 41537 | Elf:3    | Acquired 1257 gold pieces
 41918 | Elf:3    | Noticed a Hell Sentinel
 41966 | Elf:3    | Identified the amulet "Qenivem" {RegenMP *Corrode rC+
                  | Dex+2}
 42020 | Elf:3    | Identified the +4 hand axe of Change {flame, Stlth+}
 42073 | Elf:3    | Got the Compilation of Ignition
 42074 | Elf:3    | Identified the +6 rapier "Alodghoc" {flame, rC++}
 42101 | Elf:3    | Found the +4 Cigotuvi's embrace {rMiasma Drain rN+}
 42133 | Elf:3    | Got the Almanac of Combat Magic
 42167 | Elf:3    | Identified the ring "Jeps" {Fly Str+3}
 42178 | Elf:3    | Got the Discourse on the Poisonous Lithosphere
 42783 | Vaults:1 | Entered Level 1 of the Vaults
 42854 | Vaults:1 | Noticed Nikola
 43137 | Vaults:1 | Reached XP level 19. HP: 108/140 MP: 19/19
 43297 | Vaults:1 | Found Irocec's General Store.
 43304 | Vaults:1 | Bought a wand of acid (4) for 184 gold pieces
 43304 | Vaults:1 | Bought a scroll of fear for 44 gold pieces
 43443 | Vaults:1 | Identified the ring "Dogarph" {Ice *Corrode Fly rN++ Str+2}
 43624 | Vaults:1 | Killed Nikola
 43830 | Vaults:1 | Found Koshinu's Distillery.
 44910 | Vaults:2 | You fall into a shaft and drop 1 floor!
 44980 | Vaults:3 | Found a portal to a secret trove of treasure.
 44989 | Vaults:3 | You paid a toll of 4 scrolls of fear to enter a treasure
                  | trove
 44990 | Trove    | Entered a treasure trove
 44995 | Trove    | Identified the ring of Rozotuw {rPois AC+4 Int+4 Dex+3}
 45004 | Trove    | Identified the ring "Piruwk Qich" {Wiz Fly rPois rF+}
 45006 | Trove    | Identified the ring of Ehoiph {*Slow rN+ rCorr Str+4 Int+4}
 45008 | Trove    | Identified the amulet "Heirho" {Regen+ rCorr}
 45021 | Trove    | Identified the ring "Woariam" {rElec rPois rC+ Str+4}
 45027 | Trove    | Identified the ring of the Ancients {Will+ rCorr}
 45031 | Trove    | Identified the ring "Rowogu" {Will+ Stlth+}
 45038 | Trove    | Identified the ring of Freedom {Contam *Corrode rPois AC+4
                  | Slay+5}
 45101 | Vaults:3 | Identified the +8 spear of Sump {speed, Contam +Blink Str+3
                  | Dex+7}
 45526 | Vaults:3 | Noticed Frederick
 45556 | Vaults:3 | Killed Frederick
 45932 | Vaults:3 | Found a staircase to the Crypt.
 45932 | Vaults:3 | Found a basalt altar of Yredelemnul.
 45933 | Vaults:3 | Found an ancient bone altar of Kikubaaqudgha.
 47325 | Vaults:5 | Entered Level 5 of the Vaults
 47330 | Vaults:5 | Reached XP level 20. HP: 129/159 MP: 20/20
 47341 | Vaults:5 | Killed a dread lich
 47347 | Vaults:5 | Paralysed by a floating eye for 4 turns
 47611 | Vaults:5 | Noticed an ancient lich
 47625 | Vaults:5 | Killed an ancient lich
 47683 | Vaults:5 | Noticed an ancient lich
 47699 | Vaults:5 | Killed an ancient lich
 47988 | Vaults:5 | Identified the ring of Lytrot {Contam rElec rF+ Int+8
                  | Dex+6}
 48032 | Vaults:5 | Slain by a frost giant

Illustrated notes

Levels and vault maps discovered:
D:1:      dpeg_arrival_more_subterranean_lakeside_camping, layout_basic,
          serial_shops, nicolae_shop_waterfront
D:2:      layout_loops_cross
D:3:      cheibrodos_helix_gallery, layout_loops_ring, jmf_multi_god_temple,
          lemuel_coloured_pillars_altar
D:4:      layout_rooms, minmay_temple_entry_trees, serial_rivers,
          chequers_serial_rivers_small_b, chequers_serial_rivers_micro_c,
          chequers_serial_rivers_micro_a, chequers_serial_rivers_micro_b,
          chequers_serial_rivers_micro_c, chequers_serial_rivers_micro_c
D:5:      layout_loops_corners
D:6:      layout_basic, regret_index_temple_of_mockery,
          nicolae_overflow_crystal_walls, cheibrodos_worm_habitat,
          nicolae_wooded_promenade
D:7:      layout_basic, chequers_big_river
D:8:      layout_rooms, minmay_between
D:9:      layout_long_grid, minmay_misc_feat_tower
D:10:     gammafunk_wand_slinger, layout_rooms, special_room [special_room_orc],
          enter_bailey_4, kennysheep_small_circle, uniq_sonja, uniq_gastronok
D:11:     layout_roguey, erik_lair_island, chequers_serial_rivers_micro_a
D:12:     layout_rooms, minmay_orc_entry_temple_small, lemuel_flamethrower_hall
D:13:     layout_loops_ring, worldfamousw_hep_ancestral_shrine
D:14:     layout_irregular_city, grunt_vaults_entry_tiered,
          nicolae_benzene_ring, nrook_mini_backslash, hangedman_ranch
D:15:     grunt_enter_depths_snipers, layout_loops_cross,
          nzn_wu_jian_council_hall
Temple:   bh_familiar_temple
Lair:1:   layout_cave_pods, special_room [special_room_bee], st_stairs_13,
          chequers_serial_rivers_room_b, infiniplex_staircase_pool_2
Lair:2:   layout_roguey, elwin_shoals_entry_rocks, serial_bayou_ford_a,
          chequers_serial_rivers_small_a, grunt_megastairs_1
Lair:3:   layout_regular_city, dummy_spider_entry, st_stairs_4,
          nicolae_lair_liquid_snakes
Lair:4:   layout_regular_city, portal_ice_cave_demonic_guard
Lair:5:   minmay_lair_end_frog_pond, layout_gridlike, slime_entry_1,
          special_room [special_room_mythical_zoo]
Shoals:1: layout_shoals
Shoals:2: nicolae_shoals_island_circles, layout_shoals,
          nicolae_shoals_enchanted_isle
Shoals:3: layout_shoals, uniq_bai_suzhen
Shoals:4: shoals_end_grunt_ice, layout_shoals
Spider:1: layout_spider_delve, uniq_kirke
Spider:2: layout_spider_delve, uniq_azrael
Spider:3: layout_spider_delve, uniq_aizul, uniq_arachne
Spider:4: grunt_spider_rune_circles
Orc:1:    layout_caves, uniq_fannar
Orc:2:    grunt_orc_tribal_feast, layout_diamond_mine
Elf:1:    elf_arrival_001, layout_geoelf_octagon, serial_shops, shop_statue,
          evilmike_minifort
Elf:2:    nicolae_elf_blades_crystal_corner, layout_geoelf_diagonals,
          serial_shops, nicolae_stop_n_shop_1
Elf:3:    grunt_elf_hall_branching, layout_geoelf_octagon, serial_shops,
          nicolae_shop_bloodbath_and_beyond
Vaults:1: portal_desolation_entry_nicolae_slug, grunt_vaults_swirl,
          nicolae_vaults_little_squares_2, vaults_room_grunt_arrival_checkpoint,
          hangedman_vaults_trim, nicolae_vaults_arrows, st_lattice, v_rooms_5,
          v_misc_30, vaults_room_grid, ontoclasm_vaults_pinch,
          layout_vaults_omnicross, serial_hangedman_research, serial_shops,
          shop_statue, nicolae_square_shop, uniq_nikola
Vaults:2: nicolae_vaults_ninety_degrees, v_misc_11, v_alt_pattern_4,
          nicolae_vaults_rhombus_5, v_pattern_5, v_alt_pattern_5, v_misc_3,
          st_quartered_hall, vaults_standard_mumra_enter_the_diamond,
          v_alt_pattern_1, vaults_mumra_chevron_long, layout_vaults_maze_bifur
Vaults:3: dpeg_vaults_pockets_of_resistance, v_misc_16,
          nicolae_vaults_diagonal_hallway_6, nicolae_vaults_rhombus_5,
          v_misc_17, v_rooms_3, minmay_crypt_entry_necro_gods,
          nicolae_vaults_yaktaur_gun_rack, v_misc_28, v_alt_pattern_2,
          layout_vaults_big_room, enter_trove_2, uniq_frederick
Vaults:4: nicolae_vaults_asterisk, ontoclasm_vaults_ring_small, v_alt_pattern_1,
          v_rooms_1, grunt_vaults_focal, vaults_room_corners,
          nicolae_vaults_circle_grid_a, v_alt_pattern_3,
          nicolae_vaults_three_branches, hangedman_vaults_corner,
          ontoclasm_vaults_fault, ontoclasm_vaults_spin,
          nicolae_vaults_little_squares_2, layout_vaults_omnibox
Vaults:5

Skill      XL: |  1  2  3  4  5  6  7  8  9 10 11 12 13 14 15 16 17 18 19 20 |
---------------+-------------------------------------------------------------+-----
Throwing       | 1 2 4 6 7 8 10 | 10.0
Fighting       | 4 5 6 7 9 10 14 | 14.0
Polearms       | 6 9 12 14 | 14.0
Armour         | 1 4 6 7 8 10 12 | 12.0
Shields        | 1 4 6 7 8 10 12 | 12.0
Evocations     | 1 4 6 8 10 12 14 | 14.0
Dodging        | 3 5 6 7 8 10 | 10.0
Axes           | 1 10 13 | 13.5
Stealth        | |  1.5

Action                   |  1- 3 |  4- 6 |  7- 9 | 10-12 | 13-15 | 16-18 | 19-21 || total
-------------------------+-------+-------+-------+-------+-------+-------+-------++-------
Melee: Spear             |    96 |       |       |       |       |       |       ||    96
       Punch             |     1 |       |     3 |       |       |       |       ||     4
       Great sword       |    58 |   106 |       |       |       |       |       ||   164
       Quarterstaff      |    18 |       |       |       |       |       |       ||    18
       Halberd           |       |    50 |    13 |       |       |       |       ||    63
       Trident           |       |       |   239 |   931 |  1313 |  1391 |       ||  3874
       War axe           |       |       |       |    43 |   329 |   558 |   660 ||  1590
Throw: Stone             |     3 |    19 |    33 |     2 |   126 |     3 |       ||   186
       Dart              |       |       |    22 |    47 |   138 |    94 |    40 ||   341
       Boomerang         |       |       |    40 |    32 |     9 |   216 |    37 ||   334
       Throwing net      |       |       |       |       |       |     5 |     2 ||     7
       Javelin           |       |       |       |       |       |       |     4 ||     4
Invok: Bribe Branch      |       |       |       |       |     1 |     2 |     1 ||     4
Evoke: Wand              |       |     1 |    13 |    73 |    25 |    36 |     1 ||   149
       Phial of floods   |       |       |       |       |       |     2 |       ||     2
       Box of beasts     |       |       |       |       |       |     1 |     2 ||     3
       Condenser vane    |       |       |       |       |       |     1 |     1 ||     2
       Lightning rod     |       |       |       |       |       |       |     4 ||     4
  Use: Scroll            |       |       |    17 |     5 |     7 |    14 |     5 ||    48
 Stab: Sleeping          |     4 |       |       |       |       |       |       ||     4
       Distracted        |       |     2 |     2 |     8 |    10 |    23 |    20 ||    65
       Petrified         |       |       |       |     3 |       |       |       ||     3
       Invisible         |       |       |       |       |     5 |       |       ||     5
       Held in net/web   |       |       |       |       |       |       |     1 ||     1
Armor: Robe              |     8 |       |       |       |       |       |       ||     8
       Plate armour      |    87 |   151 |   192 |   442 |   631 |  1066 |   282 ||  2851
Dodge: Dodged            |    72 |    64 |    62 |   121 |   275 |   547 |   157 ||  1298
Block: Kite shield       |       |       |     1 |   317 |   631 |   101 |       ||  1050
       Tower shield      |       |       |       |       |       |  1503 |   483 ||  1986
